 Dungeon Crawl Stone Soup version 0.23-a0-171-g5ae17c6e89 (webtiles) character file.

63 PikkenKukken the Ruffian (level 3, 0/29 HPs)
             Began as a Demonspawn Berserker on Sept 13, 2018.
             Was a Follower of Trog.
             Succumbed to an adder's poison
             ... on level 3 of the Dungeon on Sept 14, 2018.
             The game lasted 00:02:37 (3116 turns).

PikkenKukken the Ruffian (Demonspawn Berserker)     Turns: 3116, Time: 00:02:37

Health: 0/29       AC:  2    Str: 15 (17) XL:     3   Next: 89%
Magic:  3/3        EV: 12    Int:  7 (8)  God:    Trog [*.....]
Gold:   75         SH:  0    Dex: 11 (13) Spells: 2/2 levels left

rFire    x . .     SeeInvis .     - Unarmed
rCold    + . .     Gourm    .   (no shield)
rNeg     . . .     Faith    .   a - +0 animal skin
rPois    .         Spirit   .   (no helmet)
rElec    .         Reflect  .   (no cloak)
rCorr    .         Harm     .   (no gloves)
MR       .....                  (no boots)
Stlth    ++........             (no amulet)
HPRegen  0.09/turn              k - ring of ice
MPRegen  0.08/turn              (no ring)

@: lethally poisoned (0 -> -5), berserk cooldown, slowed, very slow
A: nightstalker 1
a: Berserk, Renounce Religion


You were on level 3 of the Dungeon.
You worshipped Trog.
Trog was aware of your devotion.
You were not hungry.

You visited 1 branch of the dungeon, and saw 3 of its levels.

You collected 75 gold pieces.

Inventory:

Armour
 a - a +0 animal skin (worn)
Jewellery
 e - a +6 amulet of reflection {unknown}
 k - a ring of ice (left hand)
Scrolls
 f - 2 scrolls of remove curse
Potions
 c - 2 potions of haste
 d - a potion of agility
 i - a potion of degeneration
Comestibles
 b - 6 rations
 g - 3 chunks of flesh


   Skills:
 + Level 3.4 Fighting
 + Level 2.3 Armour
 + Level 2.2 Dodging
 * Level 3.4 Unarmed Combat


You had 2 spell levels left.
You didn't know any spells.
Your spell library was empty.

Dungeon Overview and Level Annotations

Branches:
Dungeon (3/15)

Altars:
Makhleb
Okawaru
Vehumet


Innate Abilities, Weirdness & Mutations

You are slightly more attuned to the shadows.


Message History

It was a potion of berserk rage.
A red film seems to cover your vision as you go berserk!
You feel yourself moving faster!
You feel mighty!
* * * LOW HITPOINT WARNING * * *
You feel sick.
You are too berserk!
Unknown command.
There is a lethal amount of poison in your body!
There is a lethal amount of poison in your body!
You feel a strong urge to attack something.
A rat comes into view.
* * * LOW HITPOINT WARNING * * *
You feel sick.
You feel your anger nearly subside.
You are no longer berserk.
You are exhausted.
You feel yourself slow down.
* * * LOW HITPOINT WARNING * * *
You feel sick.
You die...

##.#..#############......#
...##.# #......# #####.#
#......# ... ###.##.# #.##
#..#.# #.# #### #....# #.#
##.?.# #..###
#.....#####..####
......@†r........#
......####...###.# ......
(...# ###### #.##.# .. ?#
##. .# #. #


You could see a rat.

Vanquished Creatures
  2 adders
  An ooze (D:1)
  2 dart slugs
  2 giant cockroaches (D:3)
  4 goblins
  3 hobgoblins (D:2)
  6 jackals
  5 bats
  5 frilled lizards
  2 kobolds
  4 rats
36 creatures vanquished.

Notes
Turn   | Place    | Note
-------+----------+-------------------------------------------
     0 | D:1      | PikkenKukken the Demonspawn Berserker began the quest for
                  | the Orb.
     0 | D:1      | Reached XP level 1. HP: 18/18 MP: 1/1
   539 | D:1      | Gained mutation: You are slightly more attuned to the
                  | shadows. [demonic ancestry]
   539 | D:1      | Reached XP level 2. HP: 17/24 MP: 2/2
  1736 | D:2      | Found an iron altar of Okawaru.
  2037 | D:2      | Found a radiant altar of Vehumet.
  2037 | D:2      | Found a burning altar of Makhleb.
  2051 | D:2      | Reached XP level 3. HP: 14/29 MP: 3/3
  3110 | D:3      | HP: 2/43 [poisoned by an adder]
  3115 | D:3      | HP: 1/29 [poisoned by an adder]
  3116 | D:3      | Succumbed to an adder's poison

Vault maps used:
D:1:      dpeg_arrival_rhombus
D:2:      grunt_temple_overflow_open, kennysheep_okawaru_gauntlet
D:3:      minmay_door_path, first_ration

Skill      XL: |  1 |
---------------+----+-----
Armour         | 2 |  2.3
Dodging        | 2 |  2.2
Unarmed Combat | 3 |  3.4
Fighting       | |  3.4

Action                   || total
-------------------------++-------
Melee: Unarmed           ||   179
       Punch             ||     2
  Use: Scroll            ||     7
       Potion            ||     2
 Stab: Sleeping          ||     3
  Eat: Chunk             ||     7
Armor: Animal skin       ||    34
Dodge: Dodged            ||   108

Table legend:
 A = Non-vault XP
 B = Vault XP
 C = Vault XP percentage of total XP
 D = Non-vault monster count
 E = Vault monster count
 F = Vault count percentage of total count
                 A         B        C        D         E       F
            +---------+---------+-------+---------+---------+-------
      Total |      91 |       0 |   0.0 |      36 |       0 |   0.0
            +---------+---------+-------+---------+---------+-------
        D:1 |      24 |       0 |   0.0 |      11 |       0 |   0.0
        D:2 |      31 |       0 |   0.0 |      11 |       0 |   0.0
        D:3 |      36 |       0 |   0.0 |      14 |       0 |   0.0
            +---------+---------+-------+---------+---------+-------
